 Dungeon Crawl Stone Soup version 0.27-a0-1196-g3e9cee4 (webtiles) character file.

Game seed: 3804325537977074729

130 GeorgeSoros the Thaumaturge (level 5, -11/35 (37) HPs)
             Began as a Gnoll Wanderer on May 29, 2021.
             Was a Follower of the Shining One.
             Mangled by Crazy Yiuf
             ... wielding a +3 quarterstaff of chaos
              (13 damage)
             ... on level 2 of the Dungeon.
             The game lasted 00:07:06 (2269 turns).

GeorgeSoros the Thaumaturge (Gnoll Wanderer)        Turns: 2269, Time: 00:07:07

HP:   -11/35 (37)   AC:  3    Str: 17    XL:     5   Next: 13%
MP:   13/16         EV: 11    Int: 12    God:    the Shining One [*.....]
Gold: 92            SH:  4    Dex: 12    Spells: 21/22 levels left

rFire    . . .     SeeInvis .   f - +1 short sword
rCold    . . .     Faith    .   e - +0 buckler
rNeg     . . .     Spirit   .   b - +0 leather armour
rPois    .         Reflect  .   (no helmet)
rElec    .         Harm     .   (no cloak)
rCorr    .         Rampage  .   (no gloves)
Will     .....                  (no boots)
Stlth    +.........             (no amulet)
HPRegen  0.11/turn              i - +6 ring of strength
MPRegen  0.15/turn              (no ring)

@: mighty, lethally poisoned (-11 -> -18), very slightly contaminated, glowing,
drained
A: fangs 1, strong nose, distributed training
a: Renounce Religion


You were on level 2 of the Dungeon.
You worshipped the Shining One.
The Shining One was aware of your devotion.
You visited 1 branch of the dungeon, and saw 2 of its levels.

You collected 92 gold pieces.

Inventory:

Hand Weapons
 f - a +1 short sword (weapon)
Armour
 b - a +0 leather armour (worn)
 d - a +0 robe
 e - a +0 buckler (worn)
Jewellery
 i - a +6 ring of strength (left hand)
Wands
 a - a wand of flame (21)
 j - a wand of digging (5)
Scrolls
 g - 2 scrolls of identify
Miscellaneous
 c - a piece from Xom's chessboard (14/15)


   Skills:
 + Level 1.3 Fighting
 + Level 1.3 Short Blades
 + Level 1.3 Long Blades
 + Level 1.3 Axes
 + Level 1.3 Maces & Flails
 + Level 1.3 Polearms
 + Level 1.3 Staves
 + Level 1.3 Slings
 + Level 1.3 Bows
 + Level 1.3 Crossbows
 + Level 1.3 Throwing
 + Level 1.3 Armour
 + Level 1.3 Dodging
 + Level 2.7 Stealth
 + Level 1.3 Shields
 + Level 1.3 Unarmed Combat
 + Level 9.3 Spellcasting
 + Level 1.1 Conjurations
 + Level 1.1 Hexes
 + Level 1.1 Summonings
 + Level 1.1 Necromancy
 + Level 2.3 Translocations
 + Level 2.3 Transmutations
 + Level 2.3 Fire Magic
 + Level 1.1 Ice Magic
 + Level 1.1 Air Magic
 + Level 2.3 Earth Magic
 + Level 1.1 Poison Magic
 + Level 1.5 Invocations
 + Level 2.9 Evocations


You had 21 spell levels left.
You knew the following spells:

 Your Spells              Type           Power      Damage    Failure   Level
a - Foxfire               Conj/Fire      36%        2x1d5     11%         1

Your spell library contained the following spells:

 Spells                   Type           Power      Damage    Failure   Level
 Sting                    Tmut/Pois      36%        1d4       11%         1
 Conjure Flame            Conj/Fire      9%         6-21      32%         3
 Inner Flame              Hex/Fire       9%         N/A       32%         3
 Spider Form              Tmut/Pois      4%         N/A       32%         3
 Sticky Flame             Conj/Fire      9%         2d3       71%         4
 Fireball                 Conj/Fire      4%         3d4       96%         5


Dungeon Overview and Level Annotations

Branches:
Dungeon (2/15)

Altars:
The Shining One

Annotations:
D:2 Crazy Yiuf, Natasha


Innate Abilities, Weirdness & Mutations

You have very sharp teeth.
Your uncanny sense of smell can sniff out nearby items.
Your experience applies equally to all skills.


Message History

You open the door.
Crazy Yiuf glowers.
Crazy Yiuf is nearby!
You conjure some foxfire!
Crazy Yiuf grits, "Spliff wrapper childish!"
Crazy Yiuf hits you with a +3 quarterstaff of chaos!
You feel drained.
You conjure some foxfire!
The foxfire hits Crazy Yiuf.
Crazy Yiuf is lightly wounded.
The foxfire hits Crazy Yiuf.
Crazy Yiuf is moderately wounded.
You block Crazy Yiuf's attack.
You miscast Foxfire.
You are very lightly contaminated with residual magic.
Nothing appears to happen.
The foxfire hits Crazy Yiuf.
Crazy Yiuf is moderately wounded.
The foxfire hits Crazy Yiuf.
Crazy Yiuf is heavily wounded.
Crazy Yiuf hits you with a +3 quarterstaff of chaos!
Crazy Yiuf freezes you.
You conjure some foxfire!
Crazy Yiuf hits you with a +3 quarterstaff of chaos.
You are poisoned.
Unknown command.
You make a move on Xom's chessboard...
Crazy Yiuf seems to grow stronger.
You feel very sick.
The foxfire hits Crazy Yiuf.
Crazy Yiuf is severely wounded.
The foxfire hits Crazy Yiuf.
Crazy Yiuf is severely wounded.
Crazy Yiuf hits you with a +3 quarterstaff of chaos!
* * * LOW HITPOINT WARNING * * *
You feel very mighty all of a sudden.
* * * LOW HITPOINT WARNING * * *
You feel sick.
Crazy Yiuf cries, "Liver sing sing!"
Crazy Yiuf hits you with a +3 quarterstaff of chaos!!
The Shining One protects you from harm! Crazy Yiuf burns you!
You die...

,..........##.######...#####.####
,..#######...........### #....#
*#.# ####.#..###### ####.. #.#
##.........### ##.
#.#########..#######...##### #.
##>...........#...#####.....####.
#......#...........# #####......
#.####......###§§..# ####### ..#
###....# #.@..# ### #....# ♣.g..♣
#....# ♣...♣♣ #....# ♣♣.♣♣ ######
♣.♣♣ ♣♣.♣ ♣.♣♣ ♣♣.♣ *#'#*


You could see Crazy Yiuf (strong).

Vanquished Creatures
  Natasha (twice) (D:2)
  Jessica (D:2)
  A worm (D:2)
  2 dart slugs
  6 ball pythons
  5 bats
  3 endoplasms (D:1)
  3 giant cockroaches
  2 goblins
  2 hobgoblins (D:2)
  3 jackals (D:1)
  2 kobolds (D:1)
  5 quokkas
  3 frilled lizards (D:2)
  2 rats
42 creatures vanquished.

Vanquished Creatures (others)
  157 foxfires
157 creatures vanquished.

Grand Total: 199 creatures vanquished

Notes
Turn   | Place    | Note
-------+----------+-------------------------------------------
     0 | D:1      | Reached skill level 9 in Spellcasting
     0 | D:1      | GeorgeSoros the Gnoll Wanderer began the quest for the Orb.
     0 | D:1      | GeorgeSoros set off with the following items: a +0 club, a
                  | piece from Xom's chessboard (15/15), a +0 robe; and the
                  | following spells available to memorise: Foxfire, Sting,
                  | Conjure Flame, Inner Flame, Spider Form, Sticky Flame,
                  | Fireball
     0 | D:1      | Reached XP level 1. HP: 13/13 MP: 10/10
    51 | D:1      | Learned a level 1 spell: Foxfire
   288 | D:1      | Reached XP level 2. HP: 19/19 MP: 12/12
   741 | D:1      | Reached XP level 3. HP: 18/25 MP: 11/13
  1256 | D:2      | Reached skill level 1 in Invocations
  1386 | D:2      | Noticed Natasha
  1396 | D:2      | Killed Natasha
  1397 | D:2      | Reached skill level 1 in Fighting
  1397 | D:2      | Reached skill level 1 in Short Blades
  1397 | D:2      | Reached skill level 1 in Long Blades
  1397 | D:2      | Reached skill level 1 in Axes
  1397 | D:2      | Reached skill level 1 in Maces & Flails
  1397 | D:2      | Reached skill level 1 in Polearms
  1397 | D:2      | Reached skill level 1 in Staves
  1397 | D:2      | Reached skill level 1 in Slings
  1397 | D:2      | Reached skill level 1 in Bows
  1397 | D:2      | Reached skill level 1 in Crossbows
  1397 | D:2      | Reached skill level 1 in Throwing
  1397 | D:2      | Reached skill level 1 in Armour
  1397 | D:2      | Reached skill level 1 in Dodging
  1397 | D:2      | Reached skill level 1 in Shields
  1397 | D:2      | Reached skill level 1 in Unarmed Combat
  1397 | D:2      | Reached XP level 4. HP: 10/32 MP: 9/15
  1654 | D:2      | Noticed Natasha
  1703 | D:2      | Killed Natasha
  1704 | D:2      | Reached skill level 1 in Conjurations
  1704 | D:2      | Reached skill level 1 in Hexes
  1704 | D:2      | Reached skill level 1 in Summonings
  1704 | D:2      | Reached skill level 1 in Necromancy
  1704 | D:2      | Reached skill level 1 in Ice Magic
  1704 | D:2      | Reached skill level 1 in Air Magic
  1704 | D:2      | Reached skill level 1 in Poison Magic
  1779 | D:2      | Noticed Natasha
  2043 | D:2      | Noticed Jessica
  2046 | D:2      | Killed Jessica
  2047 | D:2      | Reached XP level 5. HP: 37/37 MP: 12/16
  2189 | D:2      | Found a faded altar of an unknown god.
  2192 | D:2      | Became a worshipper of the Shining One
  2192 | D:2      | Reached * piety under the Shining One
  2252 | D:2      | Found a runed translucent door.
  2253 | D:2      | Noticed Crazy Yiuf
  2269 | D:2      | The Shining One protects you from harm!
  2269 | D:2      | Mangled by Crazy Yiuf

Illustrated notes

Levels and vault maps discovered:
D:1:      zaba_arrival_water, layout_loops_cross
D:2:      layout_rooms, hellmonk_ecumenical_altar_inner_sanctum, minmay_cupped,
          uniq_jessica, uniq_natasha, uniq_crazy_yiuf_cottage

Skill      XL: |  1  2  3  4 |
---------------+-------------+-----
Spellcasting   | |  9.3
Translocations | 2 |  2.3
Transmutations | 2 |  2.3
Fire Magic     | 2 |  2.3
Earth Magic    | 2 |  2.3
Invocations    | 1 |  1.5
Fighting       | 1 |  1.3
Short Blades   | 1 |  1.3
Long Blades    | 1 |  1.3
Axes           | 1 |  1.3
Maces & Flails | 1 |  1.3
Polearms       | 1 |  1.3
Staves         | 1 |  1.3
Slings         | 1 |  1.3
Bows           | 1 |  1.3
Crossbows      | 1 |  1.3
Throwing       | 1 |  1.3
Armour         | 1 |  1.3
Dodging        | 1 |  1.3
Shields        | 1 |  1.3
Unarmed Combat | 1 |  1.3
Conjurations   | 1 |  1.1
Hexes          | 1 |  1.1
Summonings     | 1 |  1.1
Necromancy     | 1 |  1.1
Ice Magic      | 1 |  1.1
Air Magic      | 1 |  1.1
Poison Magic   | 1 |  1.1
Stealth        | |  2.7
Evocations     | |  2.9

Action                   |  1- 3 |  4- 6 || total
-------------------------+-------+-------++-------
Melee: Short sword       |    33 |     2 ||    35
       Unarmed           |     1 |       ||     1
       Bite              |     2 |     1 ||     3
 Cast: Foxfire           |    61 |    29 ||    90
Evoke: Piece from Xom's  |       |     1 ||     1
  Use: Scroll            |       |     6 ||     6
       Potion            |       |     1 ||     1
Armor: Leather armour    |    15 |     1 ||    16
Dodge: Dodged            |    23 |     1 ||    24
Block: Buckler           |     4 |     1 ||     5

Table legend: (Time is in decaauts)
 A = Elapsed time spent in this place.
 B = Non-inter-level travel time spent in this place.
 C = Inter-level travel time spent in this place.
 D = Time resting spent in this place.
 E = Time spent auto-exploring this place.
 F = Levels seen in this place.
 G = Mean time per level.
                   A        B        C        D        E       F      G
               +--------+--------+--------+--------+--------+-----+--------+
         Total |   2295 |   2210 |     85 |    302 |   1493 |   2 | 1147.5 |
       Dungeon |   2295 |   2210 |     85 |    302 |   1493 |   2 | 1147.5 |
               +--------+--------+--------+--------+--------+-----+--------+

Top non-repeatable levels by time:
     D:1: 1295 daAuts
     D:2: 999 daAuts
